 Dungeon Crawl Stone Soup version 0.19.5 (webtiles) character file.

83946 Peloso the Fencer (level 15, -1/112 HPs)
             Began as a Minotaur Fighter on Mar 12, 2017.
             Was the Champion of Okawaru.
             Killed from afar by a hellion (27 damage)
             ... with damnation
             ... on level 12 of the Dungeon.
             The game lasted 01:03:16 (17186 turns).

Peloso the Fencer (Minotaur Fighter)               Turns: 17186, Time: 01:03:16

Health: -1/112     AC: 29    Str: 29    XL:     15   Next: 33%
Magic:  14/14      EV:  6    Int:  8    God:    Okawaru [******]
Gold:   1272       SH: 23    Dex: 18    Spells: 0 memorised, 14 levels left

rFire  + . .     SeeInvis +     K - +1 double sword (protect)
rCold  . . .     Gourm    .     R - +0 crystal plate armour "Gadu Ryby" {rF+ rCorr}
rNeg   . . .     Faith    +     a - +0 large shield {rPois}
rPois  +         Spirit   .     O - +2 hat {Int+3}
rElec  .         Reflect  .     P - +0 cloak "Faxusy" {Str+4 Slay+5}
rCorr  +         Harm     .     (no gloves)
MR     +....                    b - +1 pair of boots {Fly}
Stlth  ..........               I - amulet of faith
                                v - +6 ring of dexterity
                                H - ring of see invisible

@: protection aura, flying
A: retaliatory headbutt, horns 2, deformed body, frail 2
a: Heroism, Finesse, Renounce Religion, Stop Flying


You were on level 12 of the Dungeon.
You worshipped Okawaru.
Okawaru was exalted by your worship.
You were very hungry.

You visited 2 branches of the dungeon, and saw 18 of its levels.
You visited the Abyss 1 time.
You also visited: Labyrinth and Volcano.

You collected 1410 gold pieces.
You spent 138 gold pieces at shops.

Inventory:

Hand Weapons
 K - a +1 double sword of protection (weapon)
 V - a +1 demon blade of flaming
Armour
 a - a +0 large shield of poison resistance (worn)
 b - a +1 pair of boots of flying (worn)
 l - the +6 chain mail of Nacloew {rElec Regen+ Str+4 Dex-5, unknown}
   (Okawaru gifted it to you on level 2 of the Abyss)

   It affects your strength (+4).
   It affects your dexterity (-5).
   It insulates you from electricity.
   It increases your rate of regeneration.
 m - a +2 cloak
 O - a +2 hat of intelligence (worn)
 P - the +0 cloak "Faxusy" (worn) {Str+4 Slay+5}
   (You found it in a labyrinth)

   It affects your strength (+4).
   It affects your accuracy and damage with ranged weapons and melee attacks
   (+5).
 R - the +0 crystal plate armour "Gadu Ryby" (worn) {rF+ rCorr}
   (Okawaru gifted it to you on level 10 of the Dungeon)

   It protects you from fire.
   It protects you from acid and corrosion.
Jewellery
 u - an uncursed ring of protection from magic
 v - a +6 ring of dexterity (right hand)
 H - a ring of see invisible (left hand)
 I - an amulet of faith (around neck)
 M - a +3 ring of strength
Wands
 i - a wand of flame (29/48)
 p - a wand of teleportation (4/9)
 W - a wand of disintegration (13/24)
 X - a wand of hasting (7/9)
 Y - a wand of heal wounds (4/9)
Scrolls
 d - a scroll of teleportation
 k - 3 scrolls of remove curse
 q - a scroll of holy word {unknown}
 y - 7 scrolls of magic mapping
 C - a scroll of enchant weapon {unknown}
 F - 2 scrolls of fear
 J - a scroll of silence {unknown}
 N - 2 scrolls of random uselessness {unknown}
 Q - 2 scrolls of immolation {unknown}
 S - 3 scrolls of blinking {unknown}
 T - a scroll of brand weapon {unknown}
 Z - a scroll of summoning {unknown}
Potions
 c - 4 potions of resistance
 e - 6 potions of heal wounds
 j - 2 potions of might
 r - 5 potions of haste
 t - 2 potions of agility
 x - 8 potions of curing
 A - 2 potions of berserk rage
Comestibles
 f - 16 bread rations
 g - 15 royal jellies
 h - 10 meat rations
 n - 7 fruits
 E - 9 beef jerkies


   Skills:
 + Level 15.0 Fighting
 + Level 18.0 Long Blades
 + Level 14.0 Armour
 + Level 3.0 Dodging
 + Level 1.5 Stealth
 + Level 16.4 Shields
 + Level 0.6 Invocations


You had 14 spell levels left.
You didn't know any spells.

Dungeon Overview and Level Annotations

Branches:
Dungeon (12/15)            Temple (0/1) D:4            Lair (6/6) D:8
  Swamp (0/4) Lair:4        Snake (0/4) Lair:4        Slime (0/5) Lair:6
    Orc: D:9-12

Altars:
Ashenzari
Elyvilon
Okawaru
Qazlal
Ru
Uskayaw
Vehumet
Zin
The Shining One

Shops:
D:4 ?   D:8 !

Annotations:
D:11 exclusion: orange crystal statue


Innate Abilities, Weirdness & Mutations

You reflexively headbutt those who attack you in melee.
You have a pair of horns on your head.
Armour fits poorly on your strangely shaped body.
[You are very frail. (-20% HP)]


Message History

You headbutt the hellion!
The hellion is heavily wounded.
The hellion gestures at you.
The sphere of damnation explodes!
The damnation engulfs you!
The damnation engulfs the hellion.
The hellion completely resists.
You hear a shout! x5
You hit the hellion.
Your weapon exudes an aura of protection.
You headbutt the hellion.
The hellion is severely wounded.
The hellion gestures at you.
The sphere of damnation explodes!
The damnation engulfs you!
* * * LOW HITPOINT WARNING * * *
The damnation engulfs the hellion.
The hellion completely resists.
You hear a shout!
You hit the hellion but do no damage.
The hellion is severely wounded.
The hellion gestures at you.
The sphere of damnation explodes!
The damnation engulfs you!
You die...

#.# #...##.#
##.#.##.# .
....>##<# ..
#...##(#
...##.#.##(# #
..........(##.#
.#.......^....#
...p...@.(....#
.##.#..2##.##.#
#.........#.#
..............#
..............#
.......%##.....#
........####...#
.#......# ...#


You could see a wizard and a hellion.

Vanquished Creatures
  Gastronok (D:8)
  Nessos (Lair:5)
  A fire dragon (D:10)
  A minotaur (Lab)
  An ice dragon (Lair:5)
  7 hydras
  Fannar (D:11)
  4 catoblepae
  A hell hog (Abyss:2)
  14 death yaks (Lair:6)
  A hell knight (Volcano)
  Urug (Lair:4)
  A sun demon (Volcano)
  A wretched star (Abyss:2)
  4 skeletal warriors (D:10)
  2 unseen horrors
  A large abomination (Abyss:2)
  2 spatial maelstroms (Abyss:2)
  A lindwurm (Lair:2)
  6 hill giants
  The ghost of Lizareth the Carver, a novice MiGl (D:6)
  7 ugly things
  A worldbinder (Abyss:2)
  10 elephants (Lair:6)
  8 black mambas
  A smoke demon (Abyss:2)
  10 spiny frogs
  2 molten gargoyles (Volcano)
  6 komodo dragons
  3 rime drakes
  A demonic crawler (Abyss:2)
  5 trolls
  A queen bee (Lair:3)
  3 polar bears
  A two-headed ogre (D:11)
  A hornet (D:11)
  A raiju (Abyss:2)
  21 blink frogs
  16 hippogriffs
  The ghost of flt the Conjurer, an amateur MfVM (D:4)
  22 dream sheep
  A wraith (D:11)
  49 yaks
  6 wyverns
  2 fire bats (Volcano)
  2 neqoxecs (Abyss:2)
  A basilisk (Lair:2)
  2 small abominations (Abyss:2)
  A chaos spawn (Abyss:2)
  2 steam dragons
  A hungry ghost (D:11)
  A soldier ant (D:11)
  Edmund (D:5)
  6 spatial vortices (Abyss:2)
  15 water moccasins
  14 porcupines
  A hell hound (Volcano)
  5 orc warriors
  2 sky beasts
  3 ogres
  A black bear (D:10)
  An eye of draining (D:9)
  A wolf (shapeshifter) (D:10)
  11 wolves
  9 centaurs
  12 crocodiles
  A big kobold (D:9)
  25 bullfrogs
  3 scorpions
  34 killer bees
  11 wights
  2 howler monkeys
  An electric eel (Lair:6)
  6 crimson imps
  A centaur zombie (D:7)
  9 lava snakes (Volcano)
  8 hounds
  3 jellies
  2 orc priests
  5 bullfrog skeletons
  2 centaur skeletons
  3 iguanas
  10 orc wizards
  5 hell rats (Lair:4)
  12 worker ants
  A killer bee zombie (D:9)
  3 hound skeletons
  2 worker ant zombies
  2 howler monkey skeletons
  8 gnolls
  4 river rats (D:8)
  16 adders
  3 shadow imps
  3 white imps (Lair:5)
  An adder skeleton (D:6)
  An adder zombie (D:8)
  4 worms
  2 dart slugs
  7 leopard geckos
  18 orcs
  A ball python (D:3)
  6 giant cockroaches
  5 hobgoblins
  3 quokkas
  11 bats
  6 frilled lizards
  6 goblins
  A jackal skeleton (D:4)
  10 kobolds
  A leopard gecko skeleton (D:4)
  A quokka skeleton (D:4)
  10 rats
  A bush (Lair:6)
  3 plants
607 creatures vanquished.

Vanquished Creatures (others)
  11 fungi
  2 plants (Lair:6)
  A starspawn tentacle (Abyss:2)
14 creatures vanquished.

Grand Total: 621 creatures vanquished

Notes
Turn   | Place    | Note
-------+----------+-------------------------------------------
     0 | D:1      | Peloso the Minotaur Fighter began the quest for the Orb.
     0 | D:1      | Reached XP level 1. HP: 19/19 MP: 0/0
   471 | D:2      | Reached XP level 2. HP: 25/27 MP: 1/1
   608 | D:2      | Reached XP level 3. HP: 33/33 MP: 2/2
   802 | D:2      | Reached XP level 4. HP: 38/40 MP: 3/3
  1064 | D:3      | Reached skill level 3 in Long Blades
  1249 | D:3      | Reached XP level 5. HP: 44/46 MP: 4/4
  1277 | D:3      | Reached skill level 1 in Dodging
  1637 | D:3      | Found an iron altar of Okawaru.
  1637 | D:3      | Found a faded altar of an unknown god.
  1647 | D:3      | Found a faded altar of an unknown god.
  1649 | D:3      | Became a worshipper of Warmaster Okawaru
  1652 | D:3      | Found a faded altar of an unknown god.
  1654 | D:3      | Found a faded altar of an unknown god.
  1769 | D:4      | Reached skill level 4 in Long Blades
  1769 | D:4      | Reached skill level 5 in Shields
  1787 | D:4      | Reached skill level 5 in Armour
  1874 | D:4      | Found a staircase to the Ecumenical Temple.
  1879 | D:4      | Reached XP level 6. HP: 53/53 MP: 5/5
  2094 | D:4      | Noticed flt's ghost (amateur MfVM)
  2111 | D:4      | Killed flt's ghost
  2111 | D:4      | Reached * piety under Okawaru
  2111 | D:4      | Reached skill level 5 in Long Blades
  2111 | D:4      | Reached XP level 7. HP: 28/60 MP: 6/6
  2228 | D:4      | Found Ucyanaez's Magic Scroll Shop.
  2234 | D:4      | Bought a scroll of identify for 22 gold pieces
  2234 | D:4      | Bought a scroll of teleportation for 33 gold pieces
  2234 | D:4      | Bought a scroll of fear for 38 gold pieces
  2480 | D:5      | Entered Level 5 of the Dungeon
  2490 | D:5      | Reached skill level 5 in Fighting
  2504 | D:5      | Noticed Edmund
  2513 | D:5      | Killed Edmund
  2679 | D:5      | Reached skill level 6 in Long Blades
  2693 | D:5      | Reached ** piety under Okawaru
  3164 | D:6      | Noticed Lizareth's ghost (novice MiGl)
  3189 | D:6      | Killed Lizareth's ghost
  3189 | D:6      | Reached *** piety under Okawaru
  3189 | D:6      | Reached skill level 7 in Long Blades
  3189 | D:6      | Reached XP level 8. HP: 40/70 MP: 5/7
  3464 | D:6      | Reached skill level 8 in Long Blades
  4013 | D:7      | Reached skill level 1 in Stealth
  4026 | D:7      | Reached XP level 9. HP: 40/78 MP: 5/8
  4277 | D:7      | Reached **** piety under Okawaru
  4277 | D:7      | Reached skill level 9 in Long Blades
  4346 | D:7      | Noticed an unseen horror
  4359 | D:7      | Killed an unseen horror
  4868 | D:8      | Found Zihug's Distillery.
  4874 | D:8      | Bought a potion of curing for 45 gold pieces
  4968 | D:8      | Reached ***** piety under Okawaru
  5153 | D:8      | Received a gift from Okawaru
  5153 | D:8      | Reached skill level 10 in Long Blades
  5212 | D:8      | Noticed Gastronok
  5227 | D:8      | Killed Gastronok
  5227 | D:8      | Reached skill level 11 in Long Blades
  5227 | D:8      | Reached XP level 10. HP: 72/90 MP: 9/9
  5296 | D:8      | Found a sacrificial altar of Ru.
  5535 | D:8      | Found a staircase to the Lair.
  5857 | D:9      | Found a radiant altar of Vehumet.
  5858 | D:9      | Found a white marble altar of Elyvilon.
  5865 | D:9      | Found a shattered altar of Ashenzari.
  5865 | D:9      | Found a glowing silver altar of Zin.
  5867 | D:9      | Found a hide-covered altar of Uskayaw.
  5868 | D:9      | Found a glowing golden altar of the Shining One.
  6015 | D:9      | Received a gift from Okawaru
  6201 | D:9      | Reached skill level 10 in Shields
  6211 | D:9      | Reached skill level 12 in Long Blades
  6325 | D:9      | Identified the Grimoire of Unstable Envenoming
  6392 | D:9      | Reached XP level 11. HP: 90/97 MP: 8/10
  6411 | D:9      | Noticed a hill giant
  6419 | D:9      | Killed a hill giant
  6462 | D:9      | Reached ****** piety under Okawaru
  6694 | D:9      | Found a stormy altar of Qazlal.
  6819 | D:10     | Entered Level 10 of the Dungeon
  6927 | D:10     | Noticed a skeletal warrior
  6928 | D:10     | Noticed a skeletal warrior
  6928 | D:10     | Noticed a skeletal warrior
  6928 | D:10     | Noticed a skeletal warrior
  6953 | D:10     | Killed a skeletal warrior
  6963 | D:10     | Killed a skeletal warrior
  6963 | D:10     | Reached skill level 13 in Long Blades
  6967 | D:10     | Killed a skeletal warrior
  6980 | D:10     | Killed a skeletal warrior
  6980 | D:10     | Received a gift from Okawaru
  6983 | D:10     | Got a dazzling crystal plate armour {god gift}
  6995 | D:10     | Identified the +0 crystal plate armour "Gadu Ryby" {rF+ rCorr} (Okawaru gifted it to you on level 10 of the Dungeon)
  7336 | D:10     | Reached skill level 10 in Fighting
  7349 | D:10     | Reached skill level 10 in Armour
  7376 | D:10     | Noticed a hill giant
  7383 | D:10     | Killed a hill giant
  7399 | D:10     | Reached skill level 14 in Long Blades
  7698 | D:10     | Noticed a fire dragon
  7712 | D:10     | Killed a fire dragon
  7913 | D:10     | Reached XP level 12. HP: 108/108 MP: 11/11
  8190 | D:11     | Reached skill level 15 in Long Blades
  8219 | D:11     | Received a gift from Okawaru
  8222 | D:11     | Got a translucent scimitar {god gift}
  8223 | D:11     | Identified the +5 scimitar "Beast's Curse" {flame, Int+4} (Okawaru gifted it to you on level 11 of the Dungeon)
  8832 | D:11     | Noticed Fannar
  8845 | D:11     | Killed Fannar
  8952 | D:11     | Received a gift from Okawaru
  9175 | Lair:1   | Entered Level 1 of the Lair of Beasts
  9263 | Lair:1   | Reached skill level 16 in Long Blades
  9529 | Lair:1   | Reached XP level 13. HP: 62/117 MP: 12/12
 10255 | Lair:2   | Found a labyrinth entrance.
 10283 | Lab      | Entered a labyrinth
 10413 | Lab      | Noticed a minotaur
 10422 | Lab      | Killed a minotaur
 10434 | Lab      | Identified the Guide on Combat Magic
 10436 | Lab      | Got a polished scythe
 10436 | Lab      | Got a faintly glowing cloak
 10444 | Lab      | Identified the +0 cloak "Faxusy" {Str+4 Slay+5} (You found it in a labyrinth)
 10496 | Lair:2   | Received a gift from Okawaru
 10545 | Lair:2   | Found a dark tunnel.
 10577 | Volcano  | Entered a volcano
 10872 | Volcano  | Found a radiant altar of Vehumet.
 11379 | Lair:2   | Received a gift from Okawaru
 12826 | Lair:3   | Reached skill level 17 in Long Blades
 13012 | Lair:4   | Found a staircase to the Swamp.
 13045 | Lair:4   | Reached XP level 14. HP: 87/129 MP: 13/13
 13202 | Lair:4   | Received a gift from Okawaru
 13316 | Lair:4   | Noticed Urug
 13335 | Lair:4   | Killed Urug
 13412 | Lair:4   | Found a staircase to the Snake Pit.
 14479 | Lair:5   | Received a gift from Okawaru
 14482 | Lair:5   | Got a polished scimitar {god gift}
 14627 | Lair:5   | Noticed Nessos
 14660 | Lair:5   | Killed Nessos
 14858 | Lair:6   | Entered Level 6 of the Lair of Beasts
 14942 | Lair:6   | Received a gift from Okawaru
 14947 | Lair:6   | Reached skill level 15 in Shields
 14980 | Lair:6   | Got a shimmering long sword {god gift}
 14981 | Lair:6   | Identified the +6 long sword "Xentucheafo" {slice, rN+ Int+2} (Okawaru gifted it to you on level 6 of the Lair of Beasts)
 15375 | Lair:6   | Received a gift from Okawaru
 15536 | Lair:6   | Found a staircase to the Slime Pits.
 15690 | Lair:6   | Reached XP level 15. HP: 95/139 MP: 14/14
 15695 | Lair:6   | Received a gift from Okawaru
 15748 | Lair:6   | Identified the +3 scimitar of Wasit {slice, rElec Str+4 Dex+4} (Okawaru gifted it to you on level 5 of the Lair of Beasts)
 16825 | D:12     | Cast into level 2 of the Abyss (a wizard)
 17046 | Abyss:2  | Noticed a tentacled starspawn
 17053 | Abyss:2  | Reached skill level 18 in Long Blades
 17094 | Abyss:2  | Received a gift from Okawaru
 17094 | Abyss:2  | Reached skill level 15 in Fighting
 17097 | Abyss:2  | Got a twisted chain mail {god gift}
 17174 | Abyss:2  | Gained mutation: Armour fits poorly on your strangely shaped body. [a neqoxec]
 17183 | D:12     | Escaped the Abyss
 17186 | D:12     | Killed from afar by a hellion

Skill      XL: |  1  2  3  4  5  6  7  8  9 10 11 12 13 14 15 |
---------------+----------------------------------------------+-----
Armour         | 4 5 6 7 9 10 11 12 13 14 | 14.0
Shields        | 4 5 6 7 9 10 11 12 13 15 16 | 16.4
Fighting       | 4 5 6 8 9 10 11 13 14 15 | 15.0
Long Blades    | 3 4 5 7 8 11 12 14 16 17 18 | 18.0
Dodging        | 1 2 3 |  3.0
Stealth        | 1 |  1.5
Invocations    | |  0.6

Action                   |  1- 3 |  4- 6 |  7- 9 | 10-12 | 13-15 || total
-------------------------+-------+-------+-------+-------+-------++-------
Melee: Long sword        |    70 |   119 |   119 |       |       ||   308
       Headbutt          |     9 |    27 |    90 |   196 |   295 ||   617
       Falchion          |       |       |   143 |       |       ||   143
       Double sword      |       |       |    11 |   597 |   288 ||   896
       Demon blade       |       |       |       |       |   571 ||   571
Invok: Heroism           |       |       |     4 |     1 |       ||     5
  Use: Potion            |       |     1 |     1 |       |       ||     2
       Scroll            |       |       |     5 |     6 |     9 ||    20
  Eat: Chunk             |       |     4 |     8 |    15 |    22 ||    49
       Pizza             |       |       |     1 |       |       ||     1
       Fruit             |       |       |       |     1 |     2 ||     3
Armor: Scale mail        |    28 |    47 |       |       |       ||    75
       Plate armour      |       |    12 |   133 |   133 |       ||   278
       Crystal plate arm |       |       |       |   272 |   405 ||   677
Dodge: Dodged            |    16 |    40 |    76 |   160 |   144 ||   436
Block: Shield            |    35 |    65 |    61 |       |     2 ||   163
       Buckler           |       |       |    78 |   284 |    64 ||   426
       Large shield      |       |       |       |       |   715 ||   715
       Rpst.: Long sword |     7 |     6 |     4 |       |       ||    17
       Falchion          |       |       |    12 |       |       ||    12
       Double sword      |       |       |     1 |    39 |    14 ||    54
       Demon blade       |       |       |       |       |    26 ||    26
